Map: Catalyst LE

Players

LiquidSnute (Snute) - Winner!

  • Race: Zerg Zerg
  • League: Master
  • Spawn Location: 11:00

Solar

  • Race: Zerg Zerg
  • Spawn Location: 5:00

Event: HomeStory Cup XVI

VOD

Have the link to the VOD?

Description

Time

  • Played on: Nov. 12, 2017, 12:44 p.m.
  • Length: 7:41

All games in this series

Show
View Real Time Build Order
Export as new Build Order

LiquidSnute Zerg - Winner!

Build Orders: Hatch First 

Get SALT Encoding   

  12  0:01  Drone  
  13  0:12  Overlord  
  13  0:17  Drone  
  14  0:30  Drone x2  
  14  0:34  Drone  
  17  0:52  Hatchery  
  17  0:55  Drone  
  17  0:59  Drone  
  17  1:02  Extractor  
  17  1:14  Spawning Pool  
  17  1:17  Drone  
  17  1:20  Drone  
  18  1:28  Drone  
  19  1:38  Overlord  
  19  1:49  Drone  
  20  2:01  Queen, Drone  
  21  2:02  Metabolic Boost  
  21  2:04  Queen  
  25  2:09  Drone  
  25  2:12  Zergling x2  
  27  2:31  Hatchery, Zergling x2  
  27  2:33  Zergling x2  
  27  2:35  Zergling x2  
  29  2:39  Drone  
  29  2:40  Drone  
  31  2:46  Overlord  
  31  2:55  Drone x2  
  33  2:59  Baneling Nest  
  33  3:00  Drone  
  33  3:05  Drone  
  33  3:08  Drone x2  
  33  3:10  Zergling x2  
  33  3:11  Zergling x2  
  37  3:13  Drone  
  37  3:16  Zergling x2  
  39  3:22  Zergling x4  
  42  3:27  Drone  
  42  3:28  Drone  
  42  3:33  Zergling x2  
  44  3:40  Overlord  
  44  3:42  Baneling  
  44  3:43  Baneling x2  
  44  3:47  Zergling x2  
  44  3:49  Queen  
  44  3:52  Zergling x4  
  44  3:53  Zergling x4  
  44  3:54  Baneling  
  50  4:01  Overlord  
  50  4:02  Zergling x6  
  53  4:07  Baneling  
  53  4:08  Baneling  
  53  4:09  Drone x3  
  56  4:11  Drone  
  56  4:12  Drone  
  58  4:21  Drone x3  
  58  4:23  Drone  
  60  4:25  Baneling  
  60  4:26  Drone  
  60  4:30  Drone  
  62  4:32  Extractor  
  62  4:33  Drone  
  62  4:37  Drone  
  63  4:41  Drone  
  65  4:48  Spine Crawler, Zergling x4  
  65  4:50  Roach Warren, Zergling x2  
  65  4:51  Overlord x2  
  65  4:56  Overlord  
  65  4:58  Overlord x2  
  66  5:01  Extractor, Overlord  
  65  5:09  Drone x2  
  65  5:10  Drone x4  
  65  5:11  Overlord  
  71  5:16  Drone x2  
  73  5:30  Roach x5  
  73  5:31  Roach  
  87  5:35  Roach  
  87  5:36  Roach  
  87  5:40  Roach  
  87  5:41  Roach x2  
  87  5:42  Roach  
  97  5:46  Roach x2  
  100  5:51  Roach x3  
  100  5:54  Roach  
  100  5:55  Zergling x2  
  100  5:56  Zergling x2  
  108  5:59  Roach  
  108  6:06  Zergling x12  
  114  6:14  Baneling  
  114  6:21  Baneling x2  
  114  6:25  Zergling x14  
  113  6:34  Zergling x6  
  111  6:41  Roach x2  
  111  6:42  Roach x3  
  111  6:46  Zergling x8  
  120  6:49  Ravager  
  117  6:55  Zergling x2  
  112  7:03  Ravager  
  112  7:05  Zergling x12  
  112  7:07  Zergling x2  
  116  7:09  Extractor  
  116  7:10  Evolution Chamber, Zergling x2  
  116  7:11  Zergling x2  
  109  7:16  Zergling x2  
  109  7:20  Roach  
  109  7:21  Roach x2  
Show
View Real Time Build Order
Export as new Build Order

Solar Zerg 

Build Orders: Hatch First 

Get SALT Encoding   

  12  0:01  Drone  
  13  0:12  Overlord  
  13  0:17  Drone  
  14  0:31  Drone x2  
  14  0:34  Drone  
  17  0:51  Hatchery  
  17  0:55  Drone  
  17  0:57  Drone  
  17  1:01  Extractor  
  17  1:13  Spawning Pool  
  17  1:16  Drone  
  17  1:20  Drone  
  18  1:28  Drone  
  19  1:38  Overlord  
  19  2:00  Queen, Zergling x4  
  19  2:01  Metabolic Boost  
  23  2:04  Queen  
  23  2:07  Zergling x2  
  26  2:11  Drone  
  26  2:15  Drone  
  28  2:21  Drone  
  29  2:34  Hatchery  
  29  2:36  Drone  
  29  2:39  Drone  
  29  2:42  Drone  
  31  2:45  Drone  
  31  2:50  Overlord  
  32  2:54  Drone  
  32  2:58  Drone  
  32  3:05  Zergling x2  
  32  3:08  Zergling x6  
  32  3:11  Zergling x4  
  32  3:12  Zergling x2  
  39  3:14  Zergling x2  
  39  3:21  Roach Warren  
  39  3:23  Zergling x2  
  39  3:24  Drone  
  40  3:31  Overlord  
  40  3:40  Drone x2  
  42  3:42  Overlord  
  42  3:59  Zergling x4  
  42  4:01  Roach x5  
  54  4:03  Roach  
  56  4:10  Drone x2  
  56  4:13  Overlord  
  56  4:16  Roach  
  60  4:19  Drone  
  60  4:20  Drone  
  60  4:22  Drone x2  
  62  4:26  Roach  
  62  4:27  Roach  
  66  4:33  Drone  
  66  4:34  Queen  
  69  4:39  Overlord  
  69  4:42  Extractor, Drone  
  69  4:47  Drone x3  
  69  4:49  Drone  
  69  4:51  Drone  
  73  4:53  Overlord  
  73  4:59  Drone x2  
  74  5:00  Evolution Chamber  
  74  5:04  Overlord  
  73  5:09  Overlord  
  73  5:15  Extractor, Overlord  
  73  5:16  Overlord  
  73  5:19  Lair  
  72  5:23  Drone x2  
  72  5:24  Drone x2  
  72  5:25  Drone  
  72  5:26  Drone  
  77  5:28  Drone  
  77  5:34  Drone x2  
  80  5:36  Drone x2  
  80  5:40  Drone x2  
  84  5:43  Drone  
  84  5:44  Extractor, Drone  
  84  5:45  Drone  
  84  5:47  Drone  
  86  5:56  Ravager, Zergling x2  
  90  5:57  Ravager, Zergling x4  
  90  6:01  Overlord  
  90  6:02  Extractor, Drone  
  92  6:04  Drone  
  92  6:05  Roach x3  
  92  6:08  Overlord  
  92  6:10  Roach  
  100  6:12  Ravager  
  100  6:13  Roach  
  100  6:15  Roach x2  
  100  6:16  Glial Reconstitution  
  109  6:18  Roach  
  109  6:20  Overlord  
  109  6:26  Roach, Overlord  
  109  6:28  Ravager  
  109  6:30  Roach x2  
  110  6:35  Roach  
  110  6:36  Roach x2  
  105  6:41  Roach  
  105  6:42  Roach x2  
  105  6:44  Roach  
  97  6:49  Roach x2  
  97  6:50  Queen, Zergling x4  
  97  6:56  Roach x2  
  97  6:57  Roach  
  90  7:03  Roach  
  90  7:08  Roach x2  
  91  7:13  Roach  
  85  7:16  Roach  
  85  7:19  Roach  
Tags
 
Add a new tag
Caveats
  • Supply blocks, unpowered buildings, or Contaminate may cause inaccurate times.
  • Supply counts are checked every 10 seconds.